 Dungeon Crawl Stone Soup version 0.29.0-4-gdea44cf6ec (webtiles) character file.

Game seed: 10894014359908891694

278 qw the Cleaver (level 6, -8/52 HPs)
             Began as a Minotaur Berserker on Sept 7, 2022.
             Was a Follower of Trog.
             Mangled by an orc
             ... wielding a +0 falchion
              (11 damage)
             ... on level 4 of the Dungeon.
             The game lasted 00:01:38 (3532 turns).

qw the Cleaver (Minotaur Berserker)                 Turns: 3532, Time: 00:01:39

Health: -8/52      AC:  8    Str: 24    XL:     6   Next: 5%
Magic:  5/5        EV:  8    Int:  4    God:    Trog [*.....]
Gold:   156        SH:  0    Dex:  9    Spells: 5/5 levels left

rFire   . . .      SeeInvis .   Y - +2 hand axe
rCold   + . .      Faith    .   (no shield)
rNeg    . . .      Spirit   .   k - +0 chain mail
rPois   .          Reflect  .   (helmet restricted)
rElec   .          Harm     .   (no cloak)
rCorr   .          Rampage  .   (no gloves)
Will    .....                   (no boots)
Stlth   ..........              (no amulet)
HPRegen 0.17/turn               a - ring of protection from cold
MPRegen 0.09/turn               (no ring)

@: about to teleport, on berserk cooldown, slowed, very slow
A: horns 2, retaliatory headbutt
a: Renounce Religion, Berserk


You were on level 4 of the Dungeon.
You worshipped Trog.
Trog was aware of your devotion.
You visited 1 branch of the dungeon, and saw 4 of its levels.

You collected 156 gold pieces.


Innate Abilities, Weirdness & Mutations

You have a pair of horns on your head.
You reflexively headbutt those who attack you in melee.


   Skills:
 - Level 4.1 Fighting
 + Level 8.0 Axes
 - Level 2.4 Armour
 - Level 2.1 Dodging


You had 5 spell levels left.
You didn't know any spells.
Your spell library was empty.

Inventory:

Hand Weapons
 b - a +0 flail
 Y - a +2 hand axe (weapon)
Armour
 k - a +0 chain mail (worn)
Jewellery
 a - a ring of protection from cold (left hand)
 f - a ring of ice
Scrolls
 g - a scroll of identify {unknown}
 h - a scroll of enchant armour
Potions
 c - a potion of heal wounds
 d - 2 potions of haste
 i - 3 potions of curing
 j - a potion of attraction {unknown}

Dungeon Overview and Level Annotations

Branches:
Dungeon (4/15)
 Temple: D:4-7

Altars:


Message History

Trog appreciates your killing of a magic user.
You hear a splash. x2
You closely miss the orc wizard.
The orc wizard hits you but does no damage.
Your Axes skill increases to level 8!
You have reached level 6!
You hit the orc wizard.
The orc wizard is heavily wounded.
You slash the orc!
You kill the orc!
Trog accepts your kill.
You hear a splash.
The orc wizard gestures at you while chanting.
The magic dart hits you.
The orc wizard hits you but does no damage.
The orc hits you with a +0 falchion.
You closely miss the orc wizard.
The orc wizard is heavily wounded.
You hit the orc.
The orc wizard hits you but does no damage.
The orc drinks a potion.
The orc seems to grow stronger.
You closely miss the orc wizard. Your headbutt misses the orc wizard.
The orc wizard is heavily wounded.
You hit the orc. You barely miss the orc. The orc wizard barely misses you.
The orc hits you with a +0 falchion! The orc closely misses you.
You closely miss the orc wizard. Your headbutt misses the orc wizard.
The orc wizard is heavily wounded.
You hit the orc but do no damage. You hit the orc.
The orc wizard gestures at you while chanting.
The magic dart hits you. The orc hits you with a +0 falchion.
The orc splashes around in the water.
The orc wizard hits you but does no damage.
The orc hits you with a +0 falchion.
3532 ||| READING scroll of teleportation.
As you read the scroll of teleportation, it crumbles to dust.
You feel strangely unstable. The orc hits you but does no damage.
The orc wizard hits you with a +0 dagger.
The orc hits you with a +0 falchion!
You die...

..####### #.##..##..##
..###...###.######..##
.........#.=.........+..
.........#.. ........#..
...##...######...P.7....
...##...##..##..P~~~....
...#.........%.P~~~.~7..
...#.........)..~.~~~..+
...#...........o@)~~~~P>
...#..........)7oo~~~...
##.###..##.####.~~~~P~..
.# #..##.# #...~~~~.P.
#......#...~~~~.~P.
#......#...~~~..~.. ..
+....7.~.7..
#........##. #....#####


You could see an orc wizard and 2 orcs.

Vanquished Creatures
  3 orc wizards
  5 gnolls
  7 adders
  6 worms
  5 orcs
  5 bats
  8 endoplasms
  2 giant cockroaches
  5 goblins
  6 hobgoblins
  A quokka (D:1)
  9 ball pythons
  A frilled lizard (D:2)
  4 kobolds
  6 rats
73 creatures vanquished.

Vanquished Creatures (others)
  4 plants (D:4)
4 creatures vanquished.

Grand Total: 77 creatures vanquished

Notes
Turn   | Place    | Note
-------+----------+-------------------------------------------
     0 | D:1      | qw the Minotaur Berserker began the quest for the Orb.
     0 | D:1      | Reached XP level 1. HP: 19/19 MP: 0/0
     0 | D:1      | 0 ||| qw: Version: 0.1-a-108-g9e35731
     0 | D:1      | 0 ||| qw: Game counter: 6453
     0 | D:1      | 0 ||| qw: Always use a shield: true
     0 | D:1      | 0 ||| qw: Do Orc after D:15 true
     0 | D:1      | 0 ||| qw: Do second Lair branch before Depths: true
     0 | D:1      | 0 ||| qw: Lair rune preference: random
     0 | D:1      | 0 ||| qw: Plans: Normal
     0 | D:1      | 0 ||| PLANNING D:1-11
    71 | D:1      | Reached skill level 4 in Axes
   194 | D:1      | 194 ||| INVOKING Berserk.
   196 | D:1      | Reached XP level 2. HP: 26/26 MP: 1/1
   557 | D:1      | 557 ||| Stepping ~*~*~tactically~*~*~ (stealth).
   558 | D:1      | 558 ||| Stepping ~*~*~tactically~*~*~ (stealth).
   560 | D:1      | 560 ||| Stepping ~*~*~tactically~*~*~ (stealth).
   567 | D:1      | Reached skill level 5 in Axes
   718 | D:1      | Reached XP level 3. HP: 29/31 MP: 2/2
  1064 | D:1      | 1064 ||| UPGRADING to +0 chain mail.
  1074 | D:1      | 1074 ||| DROPPING +0 animal skin.
  1075 | D:1      | 1075 ||| READING scroll labelled WAUHAU OSIUKOS.
  1076 | D:1      | 1076 ||| READING scroll labelled GASTEP XURRY.
  1081 | D:1      | 1081 ||| READING scroll labelled PAUJI FEICUBUS.
  1082 | D:1      | 1082 ||| DRINKING 4 lumpy inky potions.
  1083 | D:1      | 1083 ||| DRINKING 2 silvery potions.
  1084 | D:1      | 1084 ||| DRINKING 3 blue potions.
  1144 | D:1      | 1144 ||| DRINKING 2 lumpy blue potions.
  1145 | D:1      | 1145 ||| DROPPING 3 potions of degeneration.
  1146 | D:1      | 1146 ||| DROPPING 2 potions of lignification.
  1321 | D:2      | 1321 ||| Stepping ~*~*~tactically~*~*~ (stealth).
  1351 | D:2      | 1351 ||| INVOKING Berserk.
  1476 | D:2      | 1476 ||| FLEEEEING.
  1477 | D:2      | 1477 ||| FLEEEEING.
  1478 | D:2      | 1478 ||| FLEEEEING.
  1479 | D:2      | 1479 ||| FLEEEEING.
  1480 | D:2      | 1480 ||| FLEEEEING.
  1481 | D:2      | 1481 ||| FLEEEEING.
  1482 | D:2      | 1482 ||| FLEEEEING.
  1483 | D:2      | 1483 ||| FLEEEEING.
  1484 | D:2      | 1484 ||| FLEEEEING.
  1485 | D:2      | 1485 ||| FLEEEEING.
  1489 | D:2      | 1489 ||| FLEEEEING.
  1494 | D:2      | 1494 ||| FLEEEEING.
  1547 | D:2      | 1547 ||| INVOKING Berserk.
  1669 | D:2      | Found a faded altar of an unknown god.
  1676 | D:2      | 1676 ||| INVOKING Berserk.
  1677 | D:2      | 1677 ||| INVOKING Berserk.
  1786 | D:2      | 1786 ||| READING scroll of enchant weapon.
  1786 | D:2      | 1786 ||| ENCHANTING +1 hand axe.
  1792 | D:2      | 1792 ||| INVOKING Berserk.
  1958 | D:2      | Reached skill level 6 in Axes
  1958 | D:2      | Reached XP level 4. HP: 37/39 MP: 3/3
  2116 | D:2      | 2116 ||| Stepping ~*~*~tactically~*~*~ (stealth).
  2285 | D:2      | 2285 ||| UPGRADING to ring of protection from cold.
  2286 | D:2      | 2286 ||| READING scroll labelled TICKO WENUWOU.
  2287 | D:2      | 2287 ||| READING 3 scrolls labelled QIZYBL LEME.
  2288 | D:2      | 2288 ||| DROPPING 2 scrolls of fear.
  2296 | D:3      | 2296 ||| STAIRDANCE
  2298 | D:2      | 2298 ||| INVOKING Berserk.
  2407 | D:2      | 2407 ||| DROPPING +0 mace.
  2411 | D:3      | 2411 ||| INVOKING Berserk.
  2417 | D:3      | Reached XP level 5. HP: 45/45 MP: 4/4
  2567 | D:3      | Reached skill level 7 in Axes
  2626 | D:3      | 2626 ||| Stepping ~*~*~tactically~*~*~ (hiding).
  2633 | D:3      | 2633 ||| INVOKING Berserk.
  3023 | D:3      | 3023 ||| READING scroll labelled UNIROE YJEM.
  3024 | D:3      | 3024 ||| READING scroll labelled WIRPHO SINAESCH.
  3025 | D:3      | 3025 ||| Stepping randomly (stuck).
  3026 | D:3      | 3026 ||| Stepping ~*~*~tactically~*~*~ (cloud).
  3188 | D:3      | 3188 ||| Stepping randomly (stuck).
  3190 | D:3      | 3190 ||| Stepping randomly (stuck).
  3192 | D:3      | 3192 ||| Stepping randomly (stuck).
  3193 | D:3      | 3193 ||| Stepping randomly (stuck).
  3194 | D:3      | 3194 ||| Stepping randomly (stuck).
  3195 | D:3      | 3195 ||| Stepping randomly (stuck).
  3306 | D:3      | 3306 ||| DRINKING 2 brown potions.
  3439 | D:4      | 3439 ||| FLEEEEING.
  3441 | D:4      | 3441 ||| FLEEEEING.
  3442 | D:4      | 3442 ||| FLEEEEING.
  3509 | D:4      | 3509 ||| Stepping ~*~*~tactically~*~*~ (hiding).
  3513 | D:4      | 3513 ||| INVOKING Berserk.
  3526 | D:4      | 3526 ||| Stepping ~*~*~tactically~*~*~ (water).
  3528 | D:4      | Reached skill level 8 in Axes
  3528 | D:4      | Reached XP level 6. HP: 31/52 MP: 5/5
  3531 | D:4      | HP: 10/52 [orc/+0 falchion (6)]
  3531 | D:4      | HP: 4/52 [orc/+0 falchion (6)]
  3532 | D:4      | 3532 ||| READING scroll of teleportation.
  3532 | D:4      | Mangled by an orc

Levels and vault maps discovered:
D:1:      heliophobic_arrival_dark_side_of_the_moon, layout_basic
D:2:      layout_rooms, ebering_ecumenical_altar_mist
D:3:      layout_rooms, chequers_serial_rivers_micro_c, grunt_decor_cap
D:4:      layout_gridville, serial_bayou, serial_bayou_pond_b,
          serial_bayou_ford_a, serial_bayou_pond_a, serial_bayou_lake_a,
          gammafunk_ghost_nasty_kobolds

Skill      XL: |  1  2  3  4  5 |
---------------+----------------+-----
Axes           | 4 5 6 8 |  8.0
Fighting       | 4 |  4.1
Armour         | |  2.4
Dodging        | |  2.1

Action                   |  1- 3 |  4- 6 || total
-------------------------+-------+-------++-------
Melee: Hand axe          |    91 |    86 ||   177
       Headbutt          |     9 |    12 ||    21
       Punch             |       |     1 ||     1
Invok: Berserk           |     5 |     4 ||     9
  Use: Scroll            |     4 |     5 ||     9
       Potion            |     4 |     1 ||     5
Armor: Animal skin       |     6 |       ||     6
       Chain mail        |    20 |    28 ||    48
Dodge: Dodged            |    38 |    36 ||    74

Table legend:
 A = Non-vault XP
 B = Vault XP
 C = Vault XP percentage of total XP
 D = Non-vault monster count
 E = Vault monster count
 F = Vault count percentage of total count
                 A         B        C        D         E       F
            +---------+---------+-------+---------+---------+-------
      Total |     346 |      52 |  13.1 |      70 |       3 |   4.1
            +---------+---------+-------+---------+---------+-------
        D:1 |      47 |       0 |   0.0 |      20 |       0 |   0.0
        D:2 |     120 |       0 |   0.0 |      25 |       0 |   0.0
        D:3 |     106 |       0 |   0.0 |      16 |       0 |   0.0
        D:4 |      73 |      52 |  41.6 |       9 |       3 |  25.0
            +---------+---------+-------+---------+---------+-------
